 Dungeon Crawl Stone Soup version 0.23.2-33-g5129a83184 (webtiles) character file.

Game seed: 16689548315359465174

6920 Folque the Destroyer (level 10, -6/73 HPs)
             Began as a Demigod Conjurer on July 28, 2019.
             Killed from afar by a fire dragon (11 damage)
             ... with a blast of flame
             ... on level 8 of the Dungeon.
             The game lasted 00:34:44 (12720 turns).

Folque the Destroyer (Demigod Conjurer)            Turns: 12720, Time: 00:34:44

Health: -6/73      AC:  8    Str: 16    XL:     10   Next: 51%
Magic:  3/19       EV: 14    Int: 25    God:
Gold:   346        SH:  0    Dex: 16    Spells: 3/17 levels left

rFire    + + .     SeeInvis .   f - +2 rapier (vamp)
rCold    + . .     Gourm    .   (no shield)
rNeg     . . .     Faith    .   x - +2 robe "Esezxeubro" {rF+ Str+5}
rPois    +         Spirit   .   u - +1 helmet
rElec    +         Reflect  .   (no cloak)
rCorr    +         Harm     .   (no gloves)
MR       +....                  l - +0 pair of boots
Stlth    ++........             (no amulet)
HPRegen  0.22/turn              o - ring of resist corrosion
MPRegen  0.16/turn              (no ring)

@: resistant, very slightly contaminated
A: high mp 1
a: no special abilities


You were on level 8 of the Dungeon.
You were hungry.

You visited 1 branch of the dungeon, and saw 10 of its levels.

You collected 346 gold pieces.

Inventory:

Hand Weapons
 b - a +0 whip
 e - a +1 dagger of venom
 f - a +2 vampiric rapier (weapon)
 B - a +0 long sword of electrocution
Armour
 a - a +0 robe
 l - a +0 pair of boots (worn)
 n - a +0 ring mail
 u - a +1 helmet (worn)
 x - the +2 robe "Esezxeubro" (worn) {rF+ Str+5}
   (You found it on level 6 of the Dungeon)

   It affects your strength (+5).
   It protects you from fire.
Jewellery
 o - a ring of resist corrosion (left hand)
 r - an uncursed amulet of rage {unknown}
 C - an uncursed amulet of the acrobat
 E - an uncursed ring of poison resistance
 I - an uncursed amulet of rage {unknown}
Wands
 m - a wand of iceblast (2)
 q - a wand of polymorph (8)
 H - a wand of random effects (22)
Scrolls
 d - 8 scrolls of identify
 g - 2 scrolls of remove curse
 h - a scroll of blinking
 i - 2 scrolls of amnesia
 j - 10 scrolls of teleportation {unknown}
 k - a scroll of fear {unknown}
 t - a scroll of random uselessness {unknown}
 y - a scroll of magic mapping {unknown}
 D - a scroll of holy word {unknown}
 F - a scroll of enchant weapon {unknown}
Potions
 p - 3 potions of might
 s - 3 potions of flight
 v - a potion of degeneration
 w - 2 potions of agility
 A - a potion of ambrosia
Comestibles
 c - 16 rations
 J - a chunk of flesh


   Skills:
 - Level 2.2 Fighting
 - Level 6.4 Armour
 + Level 3.2 Dodging
 - Level 1.7 Stealth
 - Level 4.2 Spellcasting
 * Level 10.0 Conjurations
 - Level 7.2 Hexes
 - Level 4.0 Translocations


You had 3 spell levels left.
You knew the following spells:

 Your Spells              Type           Power        Failure   Level  Hunger
a - Magic Dart            Conj           ####         1%          1    None
b - Searing Ray           Conj           ######       1%          2    None
c - Dazzling Spray        Conj/Hex       #####.       1%          3    ##.....
d - Fulminant Prism       Conj/Hex       #####.....   2%          4    ####...
e - Force Lance           Conj/Tloc      #####...     4%          4    ####...

Your spell library contained the following spells:

 Spells                   Type           Power        Failure   Level  Hunger
 Corona                   Hex            #####..      1%          1    None
 Confuse                  Hex            #####...     1%          3    ##.....
 Tukima's Dance           Hex            #####...     1%          3    ##.....
 Ensorcelled Hibernation  Hex/Ice        ###...       3%          2    None
 Beastly Appendage        Tmut           #.....       9%          1    None
 Sticks to Snakes         Tmut           #.......     14%         2    None
 Spider Form              Tmut/Pois      #.........   26%         3    ##.....
 Iskenderun's Mystic Bla  Conj           ######..     1%          4    ####...
 Ice Form                 Ice/Tmut       #.......     65%         4    ####...
 Blade Hands              Tmut           #.........   94%         5    #####..


Dungeon Overview and Level Annotations

Branches:
Dungeon (10/15)            Temple (0/1) D:7            Lair (0/6) D:9
    Orc: D:9-12

Shops:
D:4 }   D:9 (   D:10 (

Annotations:
D:7 2 transporters


Innate Abilities, Weirdness & Mutations

You have an increased reservoir of magic. (+10% MP)


Message History

* * * LOW HITPOINT WARNING * * *
You climb upwards.
There is a stone staircase leading down, spattered with blood here.
You feel protected. The fire dragon bites you.
* * * LOW HITPOINT WARNING * * *
The fire dragon claws you.
* * * LOW HITPOINT WARNING * * *
The fire dragon tramples you!
* * * LOW HITPOINT WARNING * * *
You stumble backwards!
It was a potion of heal wounds.
You feel much better. The fire dragon bites you! The fire dragon claws you!
* * * LOW HITPOINT WARNING * * *
The fire dragon tramples you!
* * * LOW HITPOINT WARNING * * *
You stumble backwards!
The fire dragon breathes flames at you. The blast of flame hits you!
You resist.
You die...

#.##..>..###...##
#.# #....#.### ##'##
#.# ######.#
###.##### #.# #.#
#.......# #<# #.#
#.#.###.# #.#
###.####....##.# #.#
#.....##.....#.###.#
#....D##....#...##.#
#......@.#.##..(...#
#.....####.##...####
#.....# #.######
####### #.# ### #.#
##.## #.# ##...##
#.# ##.....### #.#
##........## #.#


You could see a fire dragon.

Vanquished Creatures
  Erolcha (D:9)
  A two-headed ogre (D:8)
  An elephant (D:9)
  Joseph (D:8)
  A hornet (D:8)
  2 hippogriffs
  Sigmund (D:2)
  A spriggan (D:8)
  A wraith (D:9)
  2 basilisks
  2 hungry ghosts
  An orc warrior (D:5)
  2 sky beasts (D:7)
  3 ice beasts
  3 phantoms
  2 necrophages
  4 ogres
  A centaur (D:6)
  3 big kobolds
  A crocodile (D:8)
  A gnoll sergeant (D:8)
  3 bullfrogs
  A scorpion (D:8)
  2 howler monkeys (D:8)
  A bullfrog zombie (D:8)
  6 crimson imps
  2 hounds
  2 bullfrog skeletons
  6 orc priests
  Natasha (twice) (D:3)
  4 iguanas
  9 orc wizards
  3 worker ants
  A hound zombie (D:7)
  A hound skeleton (D:9)
  Robin (D:2)
  3 gnolls (D:4)
  A howler monkey skeleton (D:6)
  14 adders
  2 shadow imps (D:9)
  A white imp (D:6)
  An ooze (D:4)
  An adder skeleton (D:5)
  2 worms (D:2)
  2 leopard geckos
  30 orcs
  4 giant cockroaches
  16 goblins
  3 hobgoblins
  20 jackals
  2 quokkas
  6 bats
  A frilled lizard (D:1)
  14 kobolds
  2 leopard gecko skeletons
  A leopard gecko zombie (D:5)
  5 rats
210 creatures vanquished.

Vanquished Creatures (others)
  An orc wizard (D:8)
  2 fulminant prisms
3 creatures vanquished.

Grand Total: 213 creatures vanquished

Notes
Turn   | Place    | Note
-------+----------+-------------------------------------------
     0 | D:1      | Folque the Demigod Conjurer began the quest for the Orb.
     0 | D:1      | Reached XP level 1. HP: 14/14 MP: 5/5
   340 | D:1      | Reached XP level 2. HP: 8/22 MP: 0/7
  1540 | D:2      | Noticed Robin
  1546 | D:1      | Learned a level 2 spell: Searing Ray
  1635 | D:2      | Reached skill level 1 in Fighting
  1714 | D:2      | Found a shimmering altar of Xom.
  1752 | D:2      | Reached XP level 3. HP: 16/28 MP: 9/9
  1763 | D:2      | Learned a level 3 spell: Dazzling Spray
  1825 | D:2      | Noticed Sigmund
  1836 | D:2      | Killed Sigmund
  1836 | D:2      | Reached skill level 4 in Conjurations
  1836 | D:2      | Reached XP level 4. HP: 32/35 MP: 3/11
  1836 | D:2      | Reached XP level 5. HP: 37/40 MP: 3/12
  2366 | D:2      | Learned a level 4 spell: Fulminant Prism
  2532 | D:2      | Killed Robin
  2845 | D:3      | Noticed Natasha
  2852 | D:3      | Killed Natasha
  3265 | D:3      | Reached XP level 6. HP: 47/47 MP: 11/14
  3693 | D:3      | Noticed Natasha
  3697 | D:3      | Killed Natasha
  4135 | D:4      | Found Zyisiomy's Gadget Shop.
  4174 | D:4      | Reached skill level 5 in Conjurations
  4314 | D:4      | Reached XP level 7. HP: 36/52 MP: 3/16
  4822 | D:5      | Entered Level 5 of the Dungeon
  4847 | D:5      | Found a radiant altar of Vehumet.
  4877 | D:5      | Found an iron altar of Okawaru.
  5221 | D:5      | Reached skill level 5 in Hexes
  5701 | D:5      | Found a glowing golden altar of the Shining One.
  5818 | D:6      | Found an ancient bone altar of Kikubaaqudgha.
  5822 | D:6      | Reached XP level 8. HP: 55/59 MP: 9/17
  5854 | D:6      | Reached skill level 6 in Conjurations
  5918 | D:6      | HP: 1/59 [orc priest/divine providence (11)]
  6291 | D:5      | Reached skill level 1 in Armour
  6742 | D:6      | Got a distressingly furry robe
  6743 | D:6      | Identified the +2 robe "Esezxeubro" {rF+ Str+5} (You found
                  | it on level 6 of the Dungeon)
  7076 | D:6      | Learned a level 4 spell: Force Lance
  7207 | D:7      | Found a staircase to the Ecumenical Temple.
  7451 | D:7      | Found a white marble altar of Elyvilon.
  7714 | D:7      | Reached skill level 1 in Translocations
  7825 | D:7      | Reached XP level 9. HP: 53/64 MP: 13/18
  7880 | D:7      | Found a hide-covered altar of Uskayaw.
  7925 | D:7      | Identified the cursed +1 scale mail of the Sun {rN+ MR+}
  7954 | D:7      | Found a transporter.
  7976 | D:7      | Found a transporter.
  8186 | D:8      | Reached skill level 7 in Conjurations
  8637 | D:8      | Noticed Joseph
  8664 | D:8      | Killed Joseph
  8815 | D:8      | Noticed a two-headed ogre
  9101 | D:8      | Reached skill level 8 in Conjurations
  9313 | D:8      | Found a shadowy altar of Dithmenos.
  9620 | D:8      | Killed a two-headed ogre
  9738 | D:9      | Found Xuhan's Weapon Shop.
  9756 | D:9      | Found a staircase to the Lair.
  9756 | D:9      | Noticed an elephant
  9764 | D:9      | Reached XP level 10. HP: 73/73 MP: 4/19
 10106 | D:9      | Reached skill level 9 in Conjurations
 10325 | D:9      | Noticed Erolcha
 10553 | D:9      | Reached skill level 5 in Armour
 10597 | D:9      | Found an ornate altar of the Wu Jian Council.
 10718 | D:9      | Killed Erolcha
 11378 | D:9      | Found a burning altar of Makhleb.
 11651 | D:9      | Killed an elephant
 11687 | D:8      | You fall through a shaft for 2 floors!
 11687 | D:10     | Entered Level 10 of the Dungeon
 11687 | D:10     | Found Oneuj's Weapon Shoppe.
 12646 | D:9      | Noticed a fire dragon
 12697 | D:9      | Reached skill level 10 in Conjurations
 12713 | D:8      | HP: 2/73 [fire dragon (12)]
 12720 | D:8      | Killed from afar by a fire dragon

Skill      XL: |  1  2  3  4  5  6  7  8  9 10 |
---------------+-------------------------------+-----
Spellcasting   | 2 3 4 |  4.2
Fighting       | 1 2 |  2.2
Conjurations   | 4 5 6 8 10 | 10.0
Hexes          | 2 3 4 5 6 7 |  7.2
Dodging        | 2 3 |  3.2
Armour         | 3 4 6 |  6.4
Translocations | 1 4 |  4.0
Stealth        | |  1.7

Action                   |  1- 3 |  4- 6 |  7- 9 | 10-12 || total
-------------------------+-------+-------+-------+-------++-------
Melee: Whip              |    25 |       |       |       ||    25
       Dagger            |    34 |    48 |       |       ||    82
       Rapier            |       |    27 |    94 |    51 ||   172
       Long sword        |       |       |    31 |     8 ||    39
 Cast: Magic Dart        |    14 |       |     4 |    19 ||    37
       Searing Ray       |     4 |    20 |    67 |    11 ||   102
       Dazzling Spray    |       |     8 |    17 |     4 ||    29
       Fulminant Prism   |       |     1 |     1 |       ||     2
       Force Lance       |       |       |    18 |    39 ||    57
Evoke: Wand              |       |       |     2 |     3 ||     5
  Use: Potion            |     3 |       |     7 |     4 ||    14
       Scroll            |       |     1 |     9 |     1 ||    11
 Stab: Sleeping          |     6 |     3 |     3 |     1 ||    13
       Invisible         |       |       |     2 |       ||     2
  Eat: Chunk             |     3 |     7 |    20 |     2 ||    32
       Ration            |       |     2 |       |     7 ||     9
Armor: Robe              |    24 |    24 |    51 |    17 ||   116
       Ring mail         |       |       |       |    26 ||    26
Dodge: Dodged            |    67 |    60 |   157 |    76 ||   360
       Rpst.: Long sword |       |       |    17 |     2 ||    19
